 Dungeon Crawl Stone Soup version 0.27.0-1-g7a089689b8 (webtiles) character file.

Game seed: 3035065099073420407

170 mainiacjoe the Skirmisher (level 5, -6/59 HPs)
             Began as an Ogre Monk on Aug 12, 2021.
             Mangled by an iguana (14 damage)
             ... on level 4 of the Dungeon.
             The game lasted 00:03:53 (2773 turns).

mainiacjoe the Skirmisher (Ogre Monk)               Turns: 2773, Time: 00:03:54

Health: -6/59      AC:  3    Str: 15    XL:     5   Next: 50%
Magic:  5/5        EV: 10    Int: 11    God:
Gold:   181        SH:  0    Dex: 12    Spells: 4/4 levels left

rFire    . . .     SeeInvis .   a - +0 mace
rCold    . . .     Faith    .   (no shield)
rNeg     . . .     Spirit   .   b - +0 robe
rPois    .         Reflect  .   (helmet restricted)
rElec    .         Harm     .   (no cloak)
rCorr    .         Rampage  .   (gloves unavailable)
Will     .....                  (boots unavailable)
Stlth    ++........             (no amulet)
HPRegen  0.19/turn              (no ring)
MPRegen  0.09/turn              (no ring)

@: no status effects
A: large, unfitting armour, tough skin 1
a: no special abilities


You were on level 4 of the Dungeon.
You visited 1 branch of the dungeon, and saw 3 of its levels.

You collected 181 gold pieces.

Inventory:

Hand Weapons
 a - a +0 mace (weapon)
Missiles
 d - 49 stones (quivered)
 g - 39 bolts
Armour
 b - a +0 robe (worn)
Jewellery
 c - a ring of fire
Scrolls
 e - a scroll of immolation {unknown}
 f - a scroll of fog {unknown}
 h - 2 scrolls of teleportation {unknown}
 i - a scroll of fear {unknown}
 l - a scroll of summoning {unknown}
Potions
 j - 2 potions of invisibility
 k - 2 potions of cancellation


   Skills:
 + Level 6.3 Fighting
 + Level 4.2 Maces & Flails
 - Level 2.6 Dodging
 - Level 1.4 Stealth


You had 4 spell levels left.
You didn't know any spells.
Your spell library contained the following spells:

 Spells                   Type           Power      Damage    Failure   Level
 Summon Guardian Golem    Hex/Summ       0%         N/A       71%         3
 Orb of Destruction       Conj           0%         N/A       100%        7
 Spellforged Servitor     Conj/Summ      0%         N/A       100%        7


Dungeon Overview and Level Annotations

Branches:
Dungeon (2/15)

Altars:

Annotations:
D:4 1 runed translucent door, Crazy Yiuf


Innate Abilities, Weirdness & Mutations

You are too large for most types of armour.
You have tough skin. (AC +1)


Message History

You hit the quokka but do no damage.
The quokka bites you but does no damage.
You barely miss the quokka. The quokka bites you.
The quokka closely misses you.
You sock the quokka!
You kill the quokka!
You hit the iguana.
The iguana is lightly wounded.
The iguana misses you.
You closely miss the iguana.
The iguana is lightly wounded.
The iguana barely misses you.
You hit the iguana.
The iguana is moderately wounded.
The iguana bites you!
You hit the iguana but do no damage.
The iguana is moderately wounded.
The iguana bites you! The iguana closely misses you.
You are too injured to fight recklessly!
You are too injured to fight recklessly!
You are too injured to fight recklessly!
You are too injured to fight recklessly!
You barely miss the iguana.
The iguana is moderately wounded.
The iguana barely misses you.
You closely miss the iguana.
The iguana is moderately wounded.
The iguana bites you!
You hit the iguana but do no damage.
The iguana is moderately wounded.
The iguana bites you.
* * * LOW HITPOINT WARNING * * *
You hit the iguana but do no damage.
The iguana is moderately wounded.
The iguana bites you!
* * * LOW HITPOINT WARNING * * *
You hit the iguana.
The iguana is severely wounded.
The iguana bites you!
You die...

#...# #...# ##..#
##.###### #....#...
####..##.$.$ #.#...#
..... #.....#
$...$.######## #.....#
..(((.l@.....+
#>....##(($..####'####
#......##.. ##....##
#.......## ##......##
##....>...###........#
.##.........#........#
.##.........#........#
............#........#
.......####.##..†...##


You could see an iguana.

Vanquished Creatures
  A hound (D:2)
  An iguana (D:4)
  Terence (D:2)
  3 adders
  2 worms (D:2)
  2 dart slugs
  4 bats
  7 endoplasms
  3 giant cockroaches
  2 goblins
  A hobgoblin (D:2)
  8 jackals (D:2)
  6 kobolds
  3 quokkas
  4 ball pythons
  5 rats
53 creatures vanquished.

Notes
Turn   | Place    | Note
-------+----------+-------------------------------------------
     0 | D:1      | mainiacjoe the Ogre Monk began the quest for the Orb.
     0 | D:1      | Reached XP level 1. HP: 24/24 MP: 1/1
    27 | D:1      | Reached XP level 2. HP: 8/33 MP: 2/2
   302 | D:1      | Found a faded altar of an unknown god.
   750 | D:2      | Reached XP level 3. HP: 41/41 MP: 3/3
   884 | D:2      | Reached skill level 5 in Fighting
   910 | D:2      | Reached XP level 4. HP: 11/50 MP: 4/4
  1569 | D:2      | Noticed Terence
  1588 | D:2      | Killed Terence
  2134 | D:2      | Reached XP level 5. HP: 59/59 MP: 5/5
  2193 | D:2      | Reached skill level 6 in Fighting
  2265 | D:2      | You fall into a shaft and drop 2 floors!
  2575 | D:4      | Found a runed translucent door.
  2576 | D:4      | Noticed Crazy Yiuf
  2773 | D:4      | Mangled by an iguana

Illustrated notes

Levels and vault maps discovered:
D:1:      heliophobic_arrival_enchanted_forest, layout_rooms,
          chequers_ecumenical_altar_island
D:2:      minmay_wonky_spiral, layout_rooms, minmay_split_cup_small,
          uniq_terence
D:4:      minmay_polygon_palace, layout_cave_pools, serial_shops, shop,
          nicolae_wooded_promenade, uniq_crazy_yiuf_cottage

Skill      XL: |  1  2  3  4  5 |
---------------+----------------+-----
Maces & Flails | 3 4 |  4.2
Fighting       | 5 6 |  6.3
Dodging        | |  2.6
Stealth        | |  1.4

Action                   |  1- 3 |  4- 6 || total
-------------------------+-------+-------++-------
Melee: Mace              |    84 |   123 ||   207
Throw: Stone             |    39 |    49 ||    88
  Use: Scroll            |       |     2 ||     2
Armor: Robe              |    33 |    35 ||    68
Dodge: Dodged            |    59 |    66 ||   125
